[Event "ICC tourney 2296 (30 10)"]
[Site "Internet Chess Club"]
[Date "2021.01.10"]
[Round "5"]
[White "strongbear"]
[Black "Wfriedman24"]
[Result "0-1"]
[ICCResult "White checkmated"]
[WhiteElo "1295"]
[BlackElo "1286"]
[Opening "Nimzovich-Larsen attack: modern variation"]
[ECO "A01"]
[NIC "VO.08"]
[Time "19:00:25"]
[PlyCount "58"]
[TimeControl "1800+10"]

1. b3 e5 2. Bb2 Nc6 3. e3 Nf6 4. Bb5 d6 5. h3 Bd7 6. Nf3 a6 7. Be2 e4 8.
Nd4 Nxd4 9. Bxd4 d5 10. c4 Bb4 11. a3 Be7 12. Nc3 Be6 13. cxd5 Nxd5 14.
Nxe4 O-O 15. Bf3 f5 16. Nc5 Bxc5 17. Bxc5 Re8 18. O-O Qg5 19. Kh1 f4 20.
Bd4 fxe3 21. dxe3 Rad8 22. Qc2 Rf8 23. Rad1 Bxh3 24. gxh3 Rxf3 25. Kh2 Rdf8
26. Qe2 Qh4 27. Kg2 Qxh3+ 28. Kg1 Qg4+ 29. Kh2 Rh3# { White checkmated }
0-1